 Dungeon Crawl Stone Soup version 0.26-a0-846-gcc8f1ee719 (webtiles) character file.

Game seed: 8206727406952743859

10152 robertstho the Spear-Bearer (level 11, -24/89 HPs)
             Began as a Demonspawn Abyssal Knight on Nov 19, 2020.
             Was an Elder of Lugonu.
             Killed from afar by an ogre mage (55 damage)
             ... with a bolt of cold
             ... on level 1 of the Orcish Mines.
             The game lasted 00:27:13 (18005 turns).

robertstho the Spear-Bearer (DsAK)                 Turns: 18005, Time: 00:27:14

Health: -24/89     AC: 18    Str: 15    XL:     11   Next: 32%
Magic:  17/17      EV:  4    Int: 14    God:    Lugonu [****..]
Gold:   231        SH: 13    Dex: 13    Spells: 10/10 levels left

rFire    + + +     SeeInvis .   h - +5 spear
rCold    x . .     Faith    .   w - +0 tower shield
rNeg     . . .     Spirit   .   c - +2 chain mail {MR+}
rPois    .         Reflect  .   t - +1 hat
rElec    .         Harm     .   m - +0 cloak
rCorr    .         Rampage  .   (no gloves)
MR       +....                  b - +0 pair of boots
Stlth    ..........             (no amulet)
HPRegen  0.24/turn              j - ring of protection from fire
MPRegen  0.15/turn              f - ring of fire

@: lethally poisoned (-24 -> -44)
A: claws 1, horns 1, iridescent scales 1, fire resistance 1, powered by pain 2,
rot immunity
a: Depart the Abyss, Bend Space, Banish, Corrupt, Renounce Religion


You were on level 1 of the Orcish Mines.
You worshipped Lugonu.
Lugonu was greatly pleased with you.
You visited 2 branches of the dungeon, and saw 11 of its levels.
You visited the Abyss 1 time.

You collected 689 gold pieces.
You spent 458 gold pieces at shops.

Inventory:

Hand Weapons
 h - a +5 spear (weapon)
 n - a +4 quarterstaff of chaos
Missiles
 a - 27 poisoned darts (quivered)
 x - a throwing net
Armour
 b - a +0 pair of boots (worn)
 c - a +2 chain mail of magic resistance (worn)
 m - a +0 cloak (worn)
 t - a +1 hat (worn)
 w - a +0 tower shield (worn)
Jewellery
 f - a ring of fire (right claw)
 j - a ring of protection from fire (left claw)
 H - an uncursed amulet of reflection {unknown}
Wands
 e - a wand of disintegration (10)
 l - a wand of paralysis (7)
 v - a wand of iceblast (10)
 C - a wand of acid (5)
 E - a wand of digging (4)
Scrolls
 d - 3 scrolls of fog
 i - 3 scrolls of teleportation
 k - 5 scrolls of fear
 o - 3 scrolls of remove curse
 p - 2 scrolls of enchant armour
 r - 2 scrolls of magic mapping
 y - 2 scrolls of amnesia
 D - a scroll of enchant weapon {unknown}
 I - 2 scrolls of identify
Potions
 q - a potion of magic
 z - 2 potions of attraction
 A - a potion of brilliance {unknown}
 B - a potion of ambrosia {unknown}
 F - a potion of flight
 G - 3 potions of curing


   Skills:
 * Level 9.0 Fighting
 + Level 9.3 Polearms
 + Level 7.5 Armour
 + Level 4.0 Dodging
 + Level 2.1 Stealth
 + Level 4.0 Shields
 * Level 8.9 Invocations
 + Level 0.1 Evocations


You had 10 spell levels left.
You didn't know any spells.
Your spell library contained the following spells:

 Spells                   Type           Power        Failure   Level
 Magic Dart               Conj           #...         100%        1
 Shock                    Conj/Air       #...         100%        1
 Blink                    Tloc           N/A          100%        2
 Call Imp                 Summ           #.......     100%        2
 Slow                     Hex            #.......     100%        2
 Swiftness                Air            #.......     100%        2
 Confusing Touch          Hex            #.......     100%        3
 Conjure Flame            Conj/Fire      #.......     100%        3
 Gell's Gravitas          Tloc           #.........   100%        3
 Mephitic Cloud           Conj/Pois/Air  #.......     100%        3
 Static Discharge         Conj/Air       #.......     100%        3
 Airstrike                Air            #.........   100%        4
 Petrify                  Tmut/Erth      #.......     100%        4
 Lightning Bolt           Conj/Air       #.........   100%        5
 Metabolic Englaciation   Hex/Ice        #.........   100%        5
 Yara's Violent Unravell  Hex/Tmut       #.........   100%        5


Dungeon Overview and Level Annotations

Branches:
Dungeon (10/15)            Temple (0/1) D:5             Orc (1/2) D:9
   Lair: D:8-11

Altars:
Ashenzari
Fedhas
Okawaru
Qazlal
Ru
Sif Muna
Trog
Uskayaw
Vehumet
Xom
Yredelemnul
Zin
Beogh
Lugonu

Shops:
D:6 =   D:10 !

Annotations:
D:8 1 transporter
Orc:1 corrupted
Abyss:1 Xolotl's ghost, novice HOWn


Innate Abilities, Weirdness & Mutations

You have sharp fingernails.
You are partially covered in iridescent scales. (AC +2)
You sometimes gain power by taking damage.
You are immune to rotting.
You have a pair of small horns on your head.
Your flesh is heat resistant. (rF+)


Message History

Aim: an orc high priest, wielding a +0 glaive of venom and wearing a +0 leather armour (severely wounded)
The bolt of acid hits the orc high priest!
The orc high priest is splashed with acid.
You kill the orc high priest!
Lugonu accepts your kill.
The sixfirhy disappears in a puff of smoke!
You feel sick.
Unknown command.
Evoke which item? (* to show all) (? for menu, Esc to quit)
Aiming: Corrosive Bolt
Press: ? - help, Shift-Dir - straight line, f - ogre mage
Aim: an ogre mage, wielding a +0 flail of holy wrath and wearing a +0 robe (lightly wounded)
The bolt of acid hits the ogre mage!
The ogre mage is splashed with acid.
The acid corrodes the ogre mage!
The ogre mage is moderately wounded.
You feel sick.
The ogre mage gestures at you while chanting.
The bolt of cold hits you!!!
You feel a terrible chill!
Ouch! That really hurt!
You die...

###...#...♣...## #
##.#....#......######
##.##.......#........#..#
#........................
..#............#..........
..............#...........
.......#..#...............
≈≈......§.#.#.##.......##.
≈§#.....)@..)...#.....#.##
.§≈..................#...#
≈≈≈.#...x>...)##....#...#.
####.....##.)..#..#..#.##.
..O...$)>)<)...#.#####..
.......#.###......##....
#............##.........
≈$..#...#..............#
....#......#.........##


You could see an ogre mage (corroded) and a neutral small abomination
(summoned).

Vanquished Creatures
  An orc high priest (Orc:1)
  A skeletal warrior (D:10)
  An unseen horror (D:9)
  2 orc sorcerers (D:9)
  2 trolls (D:10)
  Sigmund (D:2)
  A wyvern (D:10)
  Eustachio (D:6)
  6 yaks (D:8)
  2 wargs
  Menkaure (D:7)
  Duvessa (D:7)
  A water moccasin (D:7)
  An eye of draining (D:10)
  3 ice beasts (D:8)
  5 sky beasts
  3 ogres
  A phantom (D:8)
  10 orc warriors
  A black bear (D:6)
  3 centaurs
  A big kobold (D:7)
  7 bullfrogs
  A gnoll sergeant (D:9)
  A wyvern zombie (D:10)
  Dowan (D:7)
  A wyvern skeleton (D:9)
  3 scorpions
  A killer bee (D:7)
  6 wights (D:7)
  4 howler monkeys
  5 hounds
  A quasit (D:6)
  A centaur zombie (D:7)
  8 orc priests
  2 centaur skeletons
  2 jellies
  A bullfrog skeleton (D:6)
  Crazy Yiuf (D:2)
  4 orc wizards
  Jessica (D:2)
  An iguana (D:9)
  Terence (D:2)
  4 worker ants
  2 hound zombies
  A hound skeleton (D:6)
  8 adders
  5 gnolls (D:9)
  A shadow imp (D:9)
  2 white imps
  3 oozes
  An adder zombie (D:8)
  6 worms
  5 dart slugs
  8 leopard geckos
  54 orcs
  4 giant cockroaches
  9 goblins
  8 hobgoblins
  17 jackals
  5 quokkas
  3 ball pythons
  A ball python skeleton (D:4)
  9 bats
  9 frilled lizards
  10 kobolds
  2 leopard gecko skeletons
  3 rats
282 creatures vanquished.

Vanquished Creatures (others)
  An orc sorcerer (Orc:1)
  A warg (Orc:1)
  4 orc warriors (Orc:1)
  An ogre (Orc:1)
  4 orc priests (Orc:1)
  6 orc wizards
  9 orcs (Orc:1)
  10 plants
36 creatures vanquished.

Grand Total: 318 creatures vanquished

Notes
Turn   | Place    | Note
-------+----------+-------------------------------------------
     0 | Abyss:1  | robertstho the Demonspawn Abyssal Knight began the quest
                  | for the Orb.
     0 | Abyss:1  | Reached XP level 1. HP: 18/18 MP: 2/2
    75 | Abyss:1  | Noticed a ynoxinul
    77 | D:1      | Escaped the Abyss
   327 | D:1      | Gained mutation: You sometimes gain a little power by
                  | taking damage. [demonic ancestry]
   327 | D:1      | Reached XP level 2. HP: 18/24 MP: 3/3
   525 | D:1      | Reached * piety under Lugonu
   923 | D:1      | Gained mutation: You are immune to rotting. [demonic
                  | ancestry]
   923 | D:1      | Reached XP level 3. HP: 16/29 MP: 4/4
  1220 | D:1      | Reached skill level 1 in Dodging
  2040 | D:2      | Gained mutation: You have a pair of small horns on your
                  | head. [potion of mutation]
  2040 | D:2      | Gained mutation: Your flesh is heat resistant. (rF+)
                  | [potion of mutation]
  2047 | D:2      | Reached XP level 4. HP: 33/35 MP: 5/5
  2196 | D:2      | Noticed Sigmund
  2223 | D:2      | Noticed Terence
  2476 | D:2      | Noticed Jessica
  2486 | D:2      | Killed Jessica
  2595 | D:2      | Found a runed translucent door.
  2596 | D:2      | Noticed Crazy Yiuf
  2962 | D:3      | Found Zin's Purification Station.
  2965 | D:3      | Found a glowing silver altar of Zin.
  2970 | D:3      | Bought a potion of curing for 90 gold pieces
  3063 | D:3      | Found a faded altar of an unknown god.
  3543 | D:3      | Found a shimmering blue altar of Sif Muna.
  3682 | D:2      | Killed Sigmund
  3683 | D:2      | Reached XP level 5. HP: 28/42 MP: 6/6
  3683 | D:2      | Reached XP level 6. HP: 32/48 MP: 7/7
  3819 | D:2      | Killed Terence
  3969 | D:2      | Reached ** piety under Lugonu
  4012 | D:2      | Found an iron altar of Okawaru.
  4311 | D:2      | Killed Crazy Yiuf
  4563 | D:4      | Found a basalt altar of Yredelemnul.
  4871 | D:4      | Got a translucent leather armour
  4881 | D:4      | Identified the +2 leather armour of the Shoals {*Corrode
                  | Int+4 Dex+3} (You found it on level 4 of the Dungeon)
  5996 | D:5      | Entered Level 5 of the Dungeon
  5996 | D:5      | Found a staircase to the Ecumenical Temple.
  6011 | D:5      | Noticed a sky beast
  6045 | D:5      | Killed a sky beast
  6046 | D:5      | Reached skill level 1 in Stealth
  6046 | D:5      | Gained mutation: You are partially covered in iridescent
                  | scales. (AC +2) [demonic ancestry]
  6046 | D:5      | Reached XP level 7. HP: 52/55 MP: 8/8
  6192 | D:5      | Reached *** piety under Lugonu
  6470 | D:5      | Found a blossoming altar of Fedhas.
  6470 | D:5      | Found a bloodstained altar of Trog.
  6471 | D:5      | Found a hide-covered altar of Uskayaw.
  6547 | D:5      | Found a runed translucent gate.
  6548 | D:5      | Found a runed translucent gate.
  6548 | D:5      | Noticed Xolotl's ghost (novice HOWn)
  6548 | D:5      | Identified the cursed +1 whip "Xadeo" {vorpal, Int+4 SInv}
  6549 | D:5      | Found a runed translucent gate.
  6690 | D:5      | Found a roughly hewn altar of Beogh.
  7013 | D:5      | Reached skill level 5 in Polearms
  7403 | D:6      | Noticed Eustachio
  7802 | D:6      | Found a glowing golden altar of the Shining One.
  7804 | D:6      | Found a radiant altar of Vehumet.
  7804 | D:6      | Found a shimmering altar of Xom.
  7806 | D:6      | Found an iron altar of Okawaru.
  7806 | D:6      | Found a broken altar of Ashenzari.
  7806 | D:6      | Found a sacrificial altar of Ru.
  7829 | D:6      | Found Jyruch's Jewellery Shop.
  8187 | D:6      | Gained mutation: You sometimes gain power by taking damage.
                  | [demonic ancestry]
  8187 | D:6      | Reached XP level 8. HP: 32/61 MP: 9/9
  9019 | D:6      | Killed Eustachio
  9020 | D:6      | Reached skill level 5 in Fighting
  9020 | D:6      | Reached skill level 5 in Armour
  9056 | D:7      | Noticed Duvessa
  9096 | D:7      | Killed Duvessa
  9106 | D:7      | Noticed Dowan
  9114 | D:7      | Killed Dowan
  9433 | D:7      | Reached XP level 9. HP: 30/69 MP: 11/11
  9714 | D:7      | Noticed Menkaure
  9724 | D:7      | Killed Menkaure
 10198 | D:7      | Reached **** piety under Lugonu
 10207 | D:7      | HP: 3/71 [poisoned by a worker ant]
 10212 | D:7      | HP: 2/71 [poisoned by a worker ant]
 10219 | D:7      | HP: 2/71 [poisoned by a worker ant]
 10227 | D:7      | HP: 1/71 [poisoned by a worker ant]
 10638 | D:7      | Reached skill level 5 in Invocations
 11222 | D:8      | Noticed an ancient zyme
 11223 | D:8      | Found a transporter.
 11224 | D:8      | Found a corrupted altar of Lugonu.
 11224 | D:8      | Noticed a white ugly thing
 11225 | D:8      | Noticed a white ugly thing
 11225 | D:8      | Noticed a purple ugly thing
 11825 | D:8      | Gained mutation: You have sharp fingernails. [demonic
                  | ancestry]
 11825 | D:8      | Reached XP level 10. HP: 33/79 MP: 14/14
 12570 | D:5      | Banished Xolotl's ghost
 14061 | D:9      | Killed an unseen horror
 14062 | D:9      | Reached skill level 1 in Shields
 14487 | D:9      | Found a staircase to the Orcish Mines.
 14577 | D:9      | Found a stormy altar of Qazlal.
 14629 | D:9      | Reached ***** piety under Lugonu
 15148 | D:10     | Entered Level 10 of the Dungeon
 15458 | D:10     | Found Exeu's Distillery.
 15504 | D:10     | Bought a potion of flight for 48 gold pieces
 15504 | D:10     | Bought a potion of heal wounds for 80 gold pieces
 15504 | D:10     | Bought a potion of curing for 48 gold pieces
 15504 | D:10     | Bought a potion of curing for 48 gold pieces
 15504 | D:10     | Bought a potion of curing for 48 gold pieces
 15504 | D:10     | Bought a potion of attraction for 48 gold pieces
 15504 | D:10     | Bought a potion of curing for 48 gold pieces
 15941 | D:10     | Noticed a skeletal warrior
 15943 | D:10     | Noticed a skeletal warrior
 15943 | D:10     | Noticed a skeletal warrior
 15944 | D:10     | Noticed a skeletal warrior
 15982 | D:10     | Killed a skeletal warrior
 15983 | D:10     | Reached XP level 11. HP: 46/87 MP: 17/17
 16454 | Orc:1    | Entered Level 1 of the Orcish Mines
 16454 | Orc:1    | Noticed an orc sorcerer
 16454 | Orc:1    | Noticed an orc knight
 16466 | Orc:1    | Corrupted Orc:1
 16466 | Orc:1    | Noticed a large abomination
 16466 | Orc:1    | Noticed a large abomination
 16466 | Orc:1    | Noticed a sixfirhy
 16466 | Orc:1    | Noticed a brown very ugly thing
 16466 | Orc:1    | Noticed a spatial maelstrom
 16469 | Orc:1    | Noticed a death knight
 16684 | Orc:1    | Noticed an orc sorcerer
 16729 | D:9      | Banished an orc knight
 16733 | D:9      | HP: 4/87 [orc warrior/+0 flail (19)]
 17152 | Orc:1    | Paralysed by an orc sorcerer for 4 turns
 17155 | Orc:1    | Noticed a large abomination
 17156 | Orc:1    | Noticed a sun demon
 17183 | D:9      | Paralysed by an orc sorcerer for 2 turns
 17495 | D:9      | Killed an orc sorcerer
 17855 | D:9      | Killed an orc sorcerer
 17910 | Orc:1    | Noticed a starcursed mass
 17928 | Orc:1    | Found Bynesiott's General Store.
 17941 | Orc:1    | Killed an orc sorcerer
 17990 | Orc:1    | Noticed an orc high priest
 17998 | Orc:1    | Noticed a sixfirhy
 18002 | Orc:1    | Noticed an ogre mage
 18004 | Orc:1    | Killed an orc high priest
 18005 | Orc:1    | Killed from afar by an ogre mage

Illustrated notes

Levels and vault maps discovered:
D:1:      minmay_arrival_split_and_join, layout_basic, minivault_14,
          kennysheep_doodads, minmay_hexomino_f4
D:2:      layout_basic, overflow_temple_1_default, uniq_terence,
          uniq_crazy_yiuf_cottage, uniq_sigmund, uniq_jessica
D:3:      layout_basic, zin_purify, chequers_ecumenical_altar_simple,
          led_sif_pool
D:4:      minmay_general_purpose_star, layout_basic, lemuel_crystal_altar
D:5:      layout_loops_ring, gammafunk_temple_overflow_forgotten,
          minmay_temple_entry_drinking_statues, biasface_ghost_orc_armoury
D:6:      layout_layer_cave, serial_shops, shop, doesnt_xom_only_xom,
          uniq_eustachio
D:7:      cheibrodos_two_vegetables, layout_basic, uniq_menkaure, uniq_duvessa
D:8:      gammafunk_corrupted_shrine, layout_basic
D:9:      layout_irregular_city, lemuel_round_altar, david_orc_3,
          nicolae_zen_rock_garden, minmay_misc_feat_x
D:10:     layout_cave_pools, lair_entry_dummy, serial_shops, shop, st_stairs_4,
          amethyst_killhole, minivault_12
Orc:1:    layout_caves, serial_shops, nicolae_shop_trees, guppyfry_orc_lava_fort

Skill      XL: |  1  2  3  4  5  6  7  8  9 10 11 |
---------------+----------------------------------+-----
Polearms       | 2 4 5 6 7 9 |  9.3
Armour         | 2 3 4 5 6 7 |  7.5
Dodging        | 1 2 3 4 |  4.0
Fighting       | 4 6 7 8 9 |  9.0
Stealth        | 1 2 |  2.1
Invocations    | 3 6 8 |  8.9
Shields        | 3 4 |  4.0
Evocations     | |  0.1

Action                   |  1- 3 |  4- 6 |  7- 9 | 10-12 || total
-------------------------+-------+-------+-------+-------++-------
Melee: Spear             |   166 |   287 |   585 |   656 ||  1694
       Headbutt          |     1 |    41 |   107 |   128 ||   277
Invok: Depart the Abyss  |     1 |       |       |       ||     1
       Banish            |       |       |       |     2 ||     2
       Corrupt           |       |       |       |     1 ||     1
Evoke: Wand              |       |       |       |     4 ||     4
  Use: Potion            |     6 |     2 |     7 |     5 ||    20
       Scroll            |       |     1 |    11 |     4 ||    16
 Stab: Sleeping          |       |     2 |     2 |       ||     4
       Invisible         |       |       |     5 |       ||     5
       Distracted        |       |       |       |     1 ||     1
Armor: Leather armour    |    37 |    30 |    16 |       ||    83
       Skin              |     2 |       |       |       ||     2
       Scale mail        |       |    30 |       |       ||    30
       Plate armour      |       |       |   299 |       ||   299
       Chain mail        |       |       |    76 |   257 ||   333
Dodge: Dodged            |    84 |   119 |   171 |    66 ||   440
Block: Tower shield      |       |       |       |   309 ||   309

Table legend: (Time is in decaauts)
 A = Elapsed time spent in this place.
 B = Non-inter-level travel time spent in this place.
 C = Inter-level travel time spent in this place.
 D = Time resting spent in this place.
 E = Time spent auto-exploring this place.
 F = Levels seen in this place.
 G = Mean time per level.
                   A        B        C        D        E       F      G
               +--------+--------+--------+--------+--------+-----+--------+
         Total |  17746 |  16607 |   1139 |   2939 |  10980 |  12 | 1478.8 |
       Dungeon |  17543 |  16404 |   1139 |   2939 |  10918 |  10 | 1754.3 |
  Orcish Mines |    125 |    125 |      0 |      0 |      8 |   1 |  125.0 |
         Abyss |     77 |     77 |      0 |      0 |     54 |   1 |   77.0 |
               +--------+--------+--------+--------+--------+-----+--------+

Top non-repeatable levels by time:
     D:9: 2687 daAuts
     D:7: 2379 daAuts
     D:6: 2256 daAuts
     D:1: 2120 daAuts
     D:8: 2107 daAuts
     D:4: 1553 daAuts
     D:2: 1329 daAuts
     D:5: 1319 daAuts
     D:3: 1152 daAuts
    D:10: 638 daAuts
   Orc:1: 125 daAuts
 Abyss:1: 77 daAuts
